| TOP OF THE 1ST |
|
Wisconsin Timber Rattlers batting - Pitching for Great Lakes Loons : RHP Jeremy Stock
|
|
Pitching: RHP Jeremy Stock
|
|
|
Batting: RHB Bobby McCann
|
0-0: Ball 1-0: Foul Ball, location: 2F 1-1: Ball 2-1: Ground out 6-3 (Groundball, 6, EV 82.5 MPH)
|
|
Batting: RHB Jeff Cornett
|
0-0: Swinging Strike 0-1: Ground out 6-3 (Groundball, 6, EV 87.5 MPH)
|
|
Batting: SHB Mitchell Greene
|
0-0: Called Strike 0-1: Called Strike 0-2: Foul Ball, location: 2F 0-2: Ball 1-2: Ball 2-2: Ball 3-2: Strikes out swinging
|
| Top of the 1st over - 0 runs, 0 hits, 0 errors, 0 left on base; Wisconsin 0 - Great Lakes 0 |
| BOTTOM OF THE 1ST |
|
Great Lakes Loons batting - Pitching for Wisconsin Timber Rattlers : RHP Eddie Becerra
|
|
Pitching: RHP Eddie Becerra
|
|
|
Batting: RHB Ken Jenkins
|
0-0: Ball 1-0: Swinging Strike 1-1: Foul Ball, location: 2F 1-2: Strikes out swinging
|
|
Batting: RHB Alex Mejia
|
0-0: Ball 1-0: Ball 2-0: Ball 3-0: Called Strike 3-1: Foul Ball, location: 2F 3-2: Fly out, F8 (Flyball, 78XD, EV 92.5 MPH)
|
|
Batting: LHB Antonio Luis
|
0-0: Called Strike 0-1: Ball 1-1: Called Strike 1-2: SOLO HOME RUN (Flyball, 9LD, EV 91.9 MPH), Distance : 334 ft
|
|
Batting: RHB Mike Sims
|
0-0: Called Strike 0-1: Called Strike 0-2: Ball 1-2: Foul Ball, location: 2F 1-2: Fly out, F9 (Flyball, 9S, EV 83.8 MPH)
|
| Bottom of the 1st over - 1 run, 1 hit, 0 errors, 0 left on base; Wisconsin 0 - Great Lakes 1 |
| TOP OF THE 2ND |
|
Wisconsin Timber Rattlers batting - Pitching for Great Lakes Loons : RHP Jeremy Stock
|
|
Batting: RHB Eddie McCoy
|
0-0: Ball 1-0: Ball 2-0: Called Strike 2-1: Ground out U3 (Groundball, 34, EV 105.0 MPH)
|
|
Batting: LHB Andy Sanchez
|
0-0: Ball 1-0: Ball 2-0: Ball 3-0: Base on Balls
|
|
Batting: RHB John Freeman
|
0-0: Foul Ball, location: 2F 0-1: Ball 1-1: Ball 2-1: Swinging Strike 2-2: Foul Ball, location: 2F 2-2: Strikes out looking
|
|
Batting: RHB Tyler Badillo
|
0-0: Ground out 4-3 (Groundball, 4, EV 95.0 MPH)
|
| Top of the 2nd over - 0 runs, 0 hits, 0 errors, 1 left on base; Wisconsin 0 - Great Lakes 1 |
| BOTTOM OF THE 2ND |
|
Great Lakes Loons batting - Pitching for Wisconsin Timber Rattlers : RHP Eddie Becerra
|
|
Batting: LHB Jim Chalk
|
0-0: Called Strike 0-1: Ball 1-1: Ball 2-1: Ball 3-1: Called Strike 3-2: Base on Balls
|
|
Batting: LHB Alberto Chavez
|
0-0: Ball 1-0: Ball 2-0: Foul Ball, location: 2F 2-1: Ball 3-1: Swinging Strike 3-2: Foul Ball, location: 2F 3-2: Fly out, F4 (Popup, 4M, EV 78.8 MPH)
|
|
Batting: RHB Phil Knox
|
0-0: Ball 1-0: Ball 2-0: Ball 3-0: Called Strike 3-1: Foul Ball, location: 2F 3-2: Foul Ball, location: 2F 3-2: Base on Balls Jim Chalk to second
|
|
Batting: RHB Josh Kimbrell
|
0-0: Ball 1-0: Ball 2-0: Swinging Strike 2-1: Foul Ball, location: 2F 2-2: Strikes out swinging
|
|
Batting: RHB Santos Guadalupe
|
0-0: Ball 1-0: Called Strike 1-1: Foul Ball, location: 2F 1-2: Foul Ball, location: 2F 1-2: Foul Ball, location: 2F 1-2: Fielders Choice at 2nd, 6-4 (Groundball, 6, EV 83.8 MPH)
|
| Bottom of the 2nd over - 0 runs, 0 hits, 0 errors, 2 left on base; Wisconsin 0 - Great Lakes 1 |
| TOP OF THE 3RD |
|
Wisconsin Timber Rattlers batting - Pitching for Great Lakes Loons : RHP Jeremy Stock
|
|
Batting: RHB Bryant Thies
|
0-0: Ball 1-0: Foul Ball, location: 2F 1-1: Swinging Strike 1-2: Foul Ball, location: 2F 1-2: Ground out 3-1 (Groundball, 34, EV 104.4 MPH)
|
|
Batting: RHB Raymond Young
|
0-0: Called Strike 0-1: Ball 1-1: Ball 2-1: Ball 3-1: Base on Balls
|
|
Batting: RHB Bobby McCann
|
0-0: Called Strike 0-1: Foul Ball, location: 2F 0-2: Foul Ball, location: 2F 0-2: Ball 1-2: Ball 2-2: Ball 3-2: Foul Ball, location: 2F 3-2: Foul Ball, location: 2F 3-2: Foul Ball, location: 2F 3-2: Base on Balls Raymond Young to second
|
|
Batting: RHB Jeff Cornett
|
0-0: Called Strike 0-1: Foul Ball, location: 2F 0-2: Ball 1-2: SINGLE (Groundball, P, EV 86.3 MPH) (infield hit) Raymond Young to third Bobby McCann to second
|
|
Batting: SHB Mitchell Greene
|
0-0: Ball 1-0: DOUBLE (Line Drive, 9LS, EV 96.3 MPH) Raymond Young scores Bobby McCann scores Jeff Cornett to third
|
|
Batting: RHB Eddie McCoy
|
0-0: Ball 1-0: Ball 2-0: Ball 3-0: Called Strike 3-1: Foul Ball, location: 2F 3-2: Base on Balls
|
|
Batting: LHB Andy Sanchez
|
0-0: Called Strike 0-1: Swinging Strike 0-2: Strikes out swinging
|
|
Batting: RHB John Freeman
|
0-0: Fly out, F8 (Flyball, 8RM, EV 84.4 MPH)
|
| Top of the 3rd over - 2 runs, 2 hits, 0 errors, 3 left on base; Wisconsin 2 - Great Lakes 1 |
| BOTTOM OF THE 3RD |
|
Great Lakes Loons batting - Pitching for Wisconsin Timber Rattlers : RHP Eddie Becerra
|
|
Batting: RHB Ken Jenkins
|
0-0: Ball 1-0: SOLO HOME RUN (Flyball, 7D, EV 96.9 MPH), Distance : 374 ft
|
|
Batting: RHB Alex Mejia
|
0-0: Called Strike 0-1: Ball 1-1: Ball 2-1: Ball 3-1: Foul Ball, location: 2F 3-2: Base on Balls
|
|
Batting: LHB Antonio Luis
|
0-0: Ball 1-0: Ball 2-0: Called Strike Alex Mejia steals 2nd base (no throw) 2-1: SINGLE (Line Drive, 6D, EV 94.4 MPH) Alex Mejia to third Runner from 3rd tries for Home, SAFE, throw by CF to home
|
|
Batting: RHB Mike Sims
|
0-0: Called Strike 0-1: Fielders Choice at 2nd, 2-4 (Groundball, 2L, EV 63.1 MPH)
|
|
Batting: LHB Jim Chalk
|
0-0: Called Strike Mike Sims is caught stealing 2nd base 2-6 0-1: Ball 1-1: Foul Ball, location: 2F 1-2: Ball 2-2: Foul Ball, location: 2F 2-2: Foul Ball, location: 2F 2-2: Ground out 6-3 (Groundball, 6, EV 84.4 MPH)
|
| Bottom of the 3rd over - 2 runs, 2 hits, 0 errors, 0 left on base; Wisconsin 2 - Great Lakes 3 |
| TOP OF THE 4TH |
|
Wisconsin Timber Rattlers batting - Pitching for Great Lakes Loons : RHP Jeremy Stock
|
|
Batting: RHB Tyler Badillo
|
0-0: Ball 1-0: Called Strike 1-1: Ball 2-1: Foul Ball, location: 2F 2-2: Fly out, F8 (Flyball, 8RXD, EV 81.3 MPH)
|
|
Batting: RHB Bryant Thies
|
0-0: Ball 1-0: Called Strike 1-1: Ball 2-1: Called Strike 2-2: Ball 3-2: Base on Balls
|
|
Batting: RHB Raymond Young
|
0-0: Foul Ball, location: 2F 0-1: Ball 1-1: Ball 2-1: Ball 3-1: Fielders Choice at 2nd, 4-6 (Groundball, 4MD, EV 85.0 MPH)
|
|
Batting: RHB Bobby McCann
|
0-0: Called Strike 0-1: Ball 1-1: Ball 2-1: Ball 3-1: SINGLE (Groundball, 56D, EV 100.0 MPH) Raymond Young to second
|
|
Batting: RHB Jeff Cornett
|
0-0: Ball 1-0: Swinging Strike 1-1: Ground out 5-3 (Groundball, 5S, EV 81.3 MPH)
|
| Top of the 4th over - 0 runs, 1 hit, 0 errors, 2 left on base; Wisconsin 2 - Great Lakes 3 |
| BOTTOM OF THE 4TH |
|
Great Lakes Loons batting - Pitching for Wisconsin Timber Rattlers : RHP Eddie Becerra
|
|
Batting: LHB Alberto Chavez
|
0-0: Foul Ball, location: 2F 0-1: Ball 1-1: Foul Ball, location: 2F 1-2: Foul Ball, location: 2F 1-2: Fly out, F8 (Flyball, 89M, EV 90.6 MPH)
|
|
Batting: RHB Phil Knox
|
0-0: Foul Ball, location: 2F 0-1: Ball 1-1: Ball 2-1: Ground out 5-3 (Groundball, 56, EV 101.9 MPH)
|
|
Batting: RHB Josh Kimbrell
|
0-0: Swinging Strike 0-1: Foul Ball, location: 2F 0-2: Ball 1-2: Ball 2-2: Foul Ball, location: 2F 2-2: Foul Ball, location: 2F 2-2: Foul Ball, location: 2F 2-2: Ground out 6-3 (Groundball, 6, EV 79.4 MPH)
|
| Bottom of the 4th over - 0 runs, 0 hits, 0 errors, 0 left on base; Wisconsin 2 - Great Lakes 3 |
| TOP OF THE 5TH |
|
Wisconsin Timber Rattlers batting - Pitching for Great Lakes Loons : RHP Jeremy Stock
|
|
Batting: SHB Mitchell Greene
|
0-0: Called Strike 0-1: Foul Ball, location: 2F 0-2: Fly out, F6 (Line Drive, 6, EV 70.6 MPH)
|
|
Pitching: RHP George Credle
|
|
|
Batting: RHB Eddie McCoy
|
0-0: Swinging Strike 0-1: Ball 1-1: Called Strike 1-2: Strikes out swinging
|
|
Batting: LHB Andy Sanchez
|
0-0: Ball 1-0: Ball 2-0: Ball 3-0: Called Strike 3-1: Base on Balls
|
|
Batting: RHB John Freeman
|
0-0: Ball 1-0: Ball 2-0: Ground out 1-3 (Groundball, 25, EV 71.3 MPH)
|
| Top of the 5th over - 0 runs, 0 hits, 0 errors, 1 left on base; Wisconsin 2 - Great Lakes 3 |
| BOTTOM OF THE 5TH |
|
Great Lakes Loons batting - Pitching for Wisconsin Timber Rattlers : RHP Eddie Becerra
|
|
Pitching: RHP Jeff Alanis
|
|
|
Batting: RHB Santos Guadalupe
|
0-0: Called Strike 0-1: Swinging Strike 0-2: Ball 1-2: Ball 2-2: Strikes out looking
|
|
Batting: RHB Ken Jenkins
|
0-0: Called Strike 0-1: Ball 1-1: Ball 2-1: Foul Ball, location: 2F 2-2: Foul Ball, location: 2F 2-2: Fly out, F7 (Flyball, 7, EV 76.9 MPH)
|
|
Batting: RHB Alex Mejia
|
0-0: Ball 1-0: Ball 2-0: Ball 3-0: Called Strike 3-1: Called Strike 3-2: Foul Ball, location: 2F 3-2: Foul Ball, location: 2F 3-2: Ground out 5-3 (Groundball, 56S, EV 77.5 MPH)
|
| Bottom of the 5th over - 0 runs, 0 hits, 0 errors, 0 left on base; Wisconsin 2 - Great Lakes 3 |
| TOP OF THE 6TH |
|
Wisconsin Timber Rattlers batting - Pitching for Great Lakes Loons : RHP George Credle
|
|
Batting: RHB Tyler Badillo
|
0-0: Ball 1-0: Swinging Strike 1-1: Foul Ball, location: 2F 1-2: Ground out 6-3 (Groundball, 6, EV 101.3 MPH)
|
|
Batting: RHB Bryant Thies
|
0-0: SINGLE (Line Drive, 78S, EV 108.1 MPH)
|
|
Batting: RHB Raymond Young
|
0-0: Ball Bryant Thies is caught stealing 2nd base 2-4 1-0: Ground out 5-3 (Groundball, 56, EV 86.3 MPH)
|
| Top of the 6th over - 0 runs, 1 hit, 0 errors, 0 left on base; Wisconsin 2 - Great Lakes 3 |
| BOTTOM OF THE 6TH |
|
Great Lakes Loons batting - Pitching for Wisconsin Timber Rattlers : RHP Jeff Alanis
|
|
Batting: LHB Antonio Luis
|
0-0: Ball 1-0: Foul Ball, location: 2F 1-1: Foul Ball, location: 2F 1-2: Foul Ball, location: 2F 1-2: Foul Ball, location: 2F 1-2: Ball 2-2: SINGLE (Line Drive, 78S, EV 96.9 MPH)
|
|
Batting: RHB Mike Sims
|
0-0: DOUBLE (Flyball, 8LXD, EV 108.1 MPH) Antonio Luis to third
|
|
Batting: LHB Jim Chalk
|
0-0: Called Strike 0-1: Ball 1-1: SINGLE (Groundball, 4MD, EV 109.4 MPH) Antonio Luis scores Mike Sims to third Runner from 3rd tries for Home, SAFE, throw by CF to home Jim Chalk to second
|
|
Batting: LHB Alberto Chavez
|
0-0: Swinging Strike 0-1: Called Strike 0-2: Foul Ball, location: 2F 0-2: Ball 1-2: Ball 2-2: Strikes out swinging
|
|
Batting: RHB Phil Knox
|
0-0: Foul Ball, location: 2F 0-1: Foul Ball, location: 2F 0-2: Ball 1-2: Ball 2-2: Ball 3-2: Ground out 5-3 (Groundball, 5L, EV 84.4 MPH)
|
|
Batting: RHB Josh Kimbrell
|
0-0: Foul Ball, location: 2F 0-1: Called Strike 0-2: Ball 1-2: Strikes out looking
|
| Bottom of the 6th over - 2 runs, 3 hits, 0 errors, 1 left on base; Wisconsin 2 - Great Lakes 5 |
| TOP OF THE 7TH |
|
Wisconsin Timber Rattlers batting - Pitching for Great Lakes Loons : RHP George Credle
|
|
Pitching: RHP Servaas Morrow
|
|
|
Batting: RHB Bobby McCann
|
0-0: Called Strike 0-1: Ball 1-1: Swinging Strike 1-2: Ball 2-2: Foul Ball, location: 2F 2-2: Foul Ball, location: 2F 2-2: Foul Ball, location: 2F 2-2: Strikes out looking
|
|
Batting: RHB Jeff Cornett
|
0-0: Ground out 4-3 (Groundball, 4, EV 100.6 MPH)
|
|
Batting: SHB Mitchell Greene
|
0-0: Foul Ball, location: 2F 0-1: Swinging Strike 0-2: Strikes out swinging
|
| Top of the 7th over - 0 runs, 0 hits, 0 errors, 0 left on base; Wisconsin 2 - Great Lakes 5 |
| BOTTOM OF THE 7TH |
|
Great Lakes Loons batting - Pitching for Wisconsin Timber Rattlers : RHP Jeff Alanis
|
|
Pitching: RHP Jason Ukena
|
|
|
Batting: RHB Santos Guadalupe
|
0-0: Ball 1-0: Called Strike 1-1: Foul Ball, location: 2F 1-2: Foul Ball, location: 2F 1-2: Ball 2-2: Ball 3-2: Ground out 5-3 (Groundball, 56, EV 79.4 MPH)
|
|
Batting: RHB Ken Jenkins
|
0-0: Ball 1-0: Ball 2-0: Ball 3-0: Called Strike 3-1: SINGLE (Groundball, P, EV 86.3 MPH) (infield hit)
|
|
Batting: RHB Alex Mejia
|
0-0: Ball Ken Jenkins steals 2nd base 1-0: Called Strike 1-1: Ground out 4-3 (Groundball, 4M, EV 85.6 MPH) Ken Jenkins to third
|
|
Batting: LHB Antonio Luis
|
0-0: Called Strike 0-1: Ball 1-1: Ball 2-1: Ground out 1-3 (Groundball, 15S, EV 68.1 MPH)
|
| Bottom of the 7th over - 0 runs, 1 hit, 0 errors, 1 left on base; Wisconsin 2 - Great Lakes 5 |
| TOP OF THE 8TH |
|
Wisconsin Timber Rattlers batting - Pitching for Great Lakes Loons : RHP Servaas Morrow
|
|
Pitching: RHP Angel Rivas
|
|
|
Batting: RHB Eddie McCoy
|
0-0: Ball 1-0: Fly out, F6 (Line Drive, 6, EV 62.5 MPH)
|
|
Batting: LHB Andy Sanchez
|
0-0: Ground out 5-3 (Groundball, 5S, EV 85.6 MPH)
|
|
Batting: RHB John Freeman
|
0-0: Called Strike 0-1: Hit by Pitch
|
|
Batting: RHB Tyler Badillo
|
0-0: Ball 1-0: Ball 2-0: Called Strike 2-1: SINGLE (Groundball, 5D, EV 106.9 MPH) John Freeman to second
|
|
Batting: RHB Bryant Thies
|
0-0: Ball 1-0: Called Strike 1-1: Ball 2-1: Fielders Choice at 2nd, 5-4 (Groundball, 5, EV 100.6 MPH)
|
| Top of the 8th over - 0 runs, 1 hit, 0 errors, 2 left on base; Wisconsin 2 - Great Lakes 5 |
| BOTTOM OF THE 8TH |
|
Great Lakes Loons batting - Pitching for Wisconsin Timber Rattlers : RHP Jason Ukena
|
|
Pitching: LHP Dustin Waller
|
|
|
Batting: RHB Mike Sims
|
0-0: Ball 1-0: Swinging Strike 1-1: Ball 2-1: Ground out 5-3 (Groundball, 56, EV 86.9 MPH)
|
|
Batting: LHB Jim Chalk
|
0-0: Called Strike 0-1: Called Strike 0-2: Ball 1-2: Fly out, F4 (Line Drive, 4, EV 68.1 MPH)
|
|
Batting: LHB Alberto Chavez
|
0-0: Ball 1-0: Called Strike 1-1: Swinging Strike 1-2: Ball 2-2: Strikes out swinging
|
| Bottom of the 8th over - 0 runs, 0 hits, 0 errors, 0 left on base; Wisconsin 2 - Great Lakes 5 |
| TOP OF THE 9TH |
|
Wisconsin Timber Rattlers batting - Pitching for Great Lakes Loons : RHP Angel Rivas
|
|
Pitching: LHP Bill Esten
|
|
|
Batting: RHB Raymond Young
|
0-0: Ball 1-0: Foul Ball, location: 2F 1-1: SINGLE (Groundball, 6S, EV 61.3 MPH) (infield hit)
|
|
Batting: RHB Bobby McCann
|
0-0: Called Strike 0-1: Swinging Strike 0-2: Fly out, F7 (Line Drive, 7, EV 90.6 MPH)
|
|
Batting: RHB Jeff Cornett
|
0-0: Ball 1-0: Ball 2-0: Called Strike 2-1: Ball 3-1: Called Strike 3-2: Fly out, F8 (Flyball, 8RM, EV 81.3 MPH)
|
|
Batting: SHB Mitchell Greene
|
0-0: Ball 1-0: Foul Ball, location: 2F 1-1: Called Strike 1-2: Foul Ball, location: 2F 1-2: SINGLE (Groundball, 56D, EV 96.3 MPH) Raymond Young to second
|
|
Batting: RHB Eddie McCoy
|
0-0: Called Strike 0-1: Ball 1-1: Ball 2-1: Called Strike 2-2: Fly out, F8 (Flyball, 89XD, EV 86.3 MPH)
|
| Top of the 9th over - 0 runs, 2 hits, 0 errors, 2 left on base; Wisconsin 2 - Great Lakes 5 |
|